 Seeded DCSS version 0.30-a0-373-gd37427bb62 (webtiles) character file.

Game seed: 3798116477126412162 (custom seed)

1596 purpskrrrp the Ducker (level 8, -1/64 HPs)
             Began as a Merfolk Brigand on Nov 24, 2022.
             Was a Priest of Okawaru.
             Slain by a gnoll
             ... wielding a +0 spear
             ... led by a gnoll bouda
              (3 damage)
             ... on level 7 of the Dungeon.
             The game lasted 00:08:56 (5872 turns).

purpskrrrp the Ducker (Merfolk Brigand)             Turns: 5872, Time: 00:08:56

Health: -1/64      AC:  7    Str: 21    XL:     8   Next: 93%
Magic:  10/10      EV: 17    Int: 10    God:    Okawaru [***...]
Gold:   912        SH:  0    Dex: 18    Spells: 7/7 levels left

rFire   . . .      SeeInvis .    q - +4 dagger "Omem" {freeze, Fragile rC+ Str+10}
rCold   + . .      Faith    .    (no shield)
rNeg    . . .      Spirit   .    b - +0 robe
rPois   .          Reflect  .    G - +0 helmet
rElec   .          Harm     .    J - +0 cloak {Stlth+}
rCorr   .          Rampage  .    A - +2 pair of gloves
Will    +....                    (no boots)
Stlth   +++++.....               (no amulet)
HPRegen 0.30/turn                l - ring of willpower
MPRegen 0.12/turn                (no ring)

@: mighty
A: (nimble swimmer 2), mertail
a: Renounce Religion, Heroism


You were on level 7 of the Dungeon.
You worshipped Okawaru.
Okawaru was most pleased with you.
You visited 1 branch of the dungeon, and saw 7 of its levels.

You collected 1252 gold pieces.
You spent 340 gold pieces at shops.

Inventory:

Hand Weapons
 a - a +3 dagger
 q - the +4 dagger "Omem" (weapon) {freeze, Fragile rC+ Str+10}
   (You bought it in a shop on level 1 of the Dungeon)

   It freezes those it strikes, dealing additional cold damage.
   It can also slow down cold-blooded creatures.
   Str:       It affects your strength (+10).
   rC:        It protects you from cold.
   Fragile:   It will be destroyed if unequipped.
Missiles
 d - 9 poisoned darts
 e - 3 curare-tipped darts
 s - 3 datura-tipped darts
Armour
 b - a +0 robe (worn)
 c - a +0 cloak
 A - a +2 pair of gloves (worn)
 G - a +0 helmet (worn)
 J - a +0 cloak of stealth (worn)
Jewellery
 l - a ring of willpower (left hand)
 D - a ring of protection from fire
 E - a +4 ring of protection
Wands
 w - a wand of digging (4)
 H - a wand of acid (9)
Scrolls
 f - a scroll of identify
 h - a scroll of teleportation
 j - a scroll of blinking
 u - a scroll of poison {unknown}
 y - a scroll of vulnerability
 B - 2 scrolls of immolation
Potions
 g - a potion of heal wounds
 m - 3 potions of flight
 n - a potion of attraction {unknown}
 o - 2 potions of berserk rage
 p - a potion of resistance {unknown}
 r - 2 potions of haste
 v - 2 potions of magic {unknown}
 x - 2 potions of might
 z - 3 potions of curing
 C - a potion of lignification {unknown}


   Skills:
 + Level 5.7 Fighting
 + Level 6.3 Short Blades
 - Level 2.0 Throwing
 * Level 7.8 Dodging
 + Level 7.3 Stealth
 + Level 3.3 Invocations


You had 7 spell levels left.
You didn't know any spells.
Your spell library contained the following spells:

 Spells                   Type           Power      Damage    Failure   Level
 Apportation              Tloc           0%         N/A       36%         1
 Beastly Appendage        Tmut           0%         N/A       36%         1
 Necrotise                Necr           0%         1d4       36%         1
 Wereblood                Tmut           0%         N/A       50%         2
 Spider Form              Tmut/Pois      0%         N/A       75%         3
 Summon Small Mammal      Summ           Unusable   N/A       N/A         1

Dungeon Overview and Level Annotations

Branches:
Dungeon (7/15)             Temple (0/1) D:5

Altars:
Gozag
Nemelex Xobeh
Okawaru
Ru
Trog

Shops:
D:1 (   D:6 *


Innate Abilities, Weirdness & Mutations

((You are very nimble when in or above water. (Stealth+, EV+, Speed+++)))
Your lower body shifts to a powerful aquatic tail in water.


Message History

The gnoll hits you from afar with a +0 spear.
* * * LOW HITPOINT WARNING * * *
You feel much better.
You feel like a meek peon again. The gnoll closely misses you.
You closely miss Joseph.
Joseph is lightly wounded.
The gnoll hits you from afar with a +0 spear.
Joseph shouts, "I love to fight!
I love killing!"
Joseph unwields a +0 sling.
Joseph wields a +0 quarterstaff.
Joseph misses you.
The gnoll hits you from afar with a +0 spear.
You hit Joseph. You freeze Joseph.
Joseph is lightly wounded.
The gnoll closely misses you.
You hit Joseph. You freeze Joseph.
Joseph is moderately wounded.
Joseph closely misses you.
The gnoll hits you from afar with a +0 spear.
You puncture Joseph! You freeze Joseph.
Joseph is heavily wounded.
The gnoll is no longer moving quickly.
The gnoll hits you from afar with a +0 spear.
Joseph completely misses you. The gnoll misses you.
You puncture Joseph! You freeze Joseph.
Joseph is severely wounded.
The gnoll hits you from afar with a +0 spear.
You puncture Joseph! You freeze Joseph.
Joseph is almost dead.
Joseph hits you with a +0 quarterstaff!!
* * * LOW HITPOINT WARNING * * *
The gnoll hits you from afar with a +0 spear.
* * * LOW HITPOINT WARNING * * *
You hit Joseph. You freeze Joseph.
You kill Joseph!
Okawaru is honoured by your kill.
Okawaru will now gift you throwing weapons as you gain piety.
The gnoll hits you from afar with a +0 spear.
* * * LOW HITPOINT WARNING * * *
The gnoll hits you from afar with a +0 spear.
You die...

.<.....................
...##................!
....................##
..........## .......#.
........#.## ##.)......
##.........# #g@g#.#
##........# #.#)#g#
#.......#.###g##g.#
##......#......@..#
#####.....#..$..##
#......####.....#
#........# ..$....
#.....#### ##......#
#...... ##.##..# ##....
### .## ##### #


You could see 3 gnolls.

Vanquished Creatures
  Pikel (D:6)
  Joseph (D:7)
  An ice beast (D:6)
  2 ogres (D:5)
  A phantom (D:5)
  A bullfrog (D:6)
  2 scorpions (D:6)
  3 jellies
  A gnoll bouda (D:7)
  An orc priest (D:6)
  3 hounds
  4 iguanas
  3 orc wizards
  4 gnolls
  7 adders
  2 shadow imps
  A white imp (D:5)
  An ufetubus (D:6)
  2 worms
  2 dart slugs
  14 orcs
  8 ball pythons
  6 endoplasms
  4 giant cockroaches
  4 goblins
  4 hobgoblins
  6 jackals
  5 quokkas
  3 bats
  2 kobolds (D:1)
  5 rats
104 creatures vanquished.

Notes
Turn   | Place    | Note
-------+----------+-------------------------------------------
     0 | D:1      | purpskrrrp the Merfolk Brigand began the quest for the Orb.
     0 | D:1      | Reached XP level 1. HP: 16/16 MP: 1/1
   137 | D:1      | Reached XP level 2. HP: 22/23 MP: 2/2
   212 | D:1      | Found Tairu's Antique Weapon Boutique.
   899 | D:2      | Reached XP level 3. HP: 28/28 MP: 3/3
   907 | D:2      | You fall into a shaft and drop 1 floor!
  1005 | D:3      | Found a sacrificial altar of Ru.
  1059 | D:3      | Identified a scroll of acquirement
  1059 | D:3      | Acquired 998 gold pieces
  1387 | D:2      | Reached skill level 5 in Stealth
  1387 | D:2      | Reached XP level 4. HP: 25/35 MP: 4/4
  2083 | D:1      | Bought a bloodstained dagger for 168 gold pieces
  2083 | D:1      | Identified the +4 dagger "Omem" {freeze, Fragile rC+
                  | Str+10} (You bought it in a shop on level 1 of the Dungeon)
  2191 | D:3      | Found a bloodstained altar of Trog.
  2191 | D:3      | Found an iron altar of Okawaru.
  2526 | D:3      | Became a worshipper of Warmaster Okawaru
  2579 | D:4      | Reached XP level 5. HP: 32/41 MP: 5/5
  3078 | D:4      | Reached XP level 6. HP: 48/48 MP: 6/6
  3412 | D:5      | Entered Level 5 of the Dungeon
  3421 | D:5      | Found a staircase to the Ecumenical Temple.
  3502 | D:5      | Found an opulent altar of Gozag.
  3646 | D:5      | Reached * piety under Okawaru
  4002 | D:5      | Reached XP level 7. HP: 55/55 MP: 7/7
  4049 | D:5      | Reached skill level 5 in Dodging
  4118 | D:5      | Reached skill level 1 in Invocations
  4166 | D:5      | Reached skill level 5 in Short Blades
  4409 | D:6      | Reached ** piety under Okawaru
  4660 | D:6      | Noticed Pikel
  4684 | D:6      | Killed Pikel
  4685 | D:6      | Reached skill level 5 in Fighting
  4685 | D:6      | Reached XP level 8. HP: 55/63 MP: 8/10
  4714 | D:6      | Found a sparkling altar of Nemelex Xobeh.
  5130 | D:6      | Found Housei's Assorted Antiques.
  5137 | D:6      | Bought an embroidered cloak for 172 gold pieces
  5837 | D:7      | Noticed Joseph
  5856 | D:7      | HP: 1/64 [Joseph/sling bullet (8)]
  5872 | D:7      | Killed Joseph
  5872 | D:7      | Reached *** piety under Okawaru
  5872 | D:7      | HP: 2/64 [gnoll/+0 spear[a gnoll bouda] (6)]
  5872 | D:7      | Slain by a gnoll

Illustrated notes

Levels and vault maps discovered:
D:1:      sevenhm_arrival_forest_fort_large_4, layout_basic, serial_shops, shop,
          roderic_lattice_a
D:2:      layout_basic, serial_co_window_serial, co_window_corner_a,
          co_window_of_opportunity_a, co_window_paths_b, co_window_paths_a,
          co_window_paths_a, co_window_broadway_a, co_window_2corner,
          co_window_broadway_a, co_window_broadway_a, co_window_2corner,
          co_window_corner_b, co_window_4corner_a, serial_park_tiny_2
D:3:      layout_loops_cross, mainiacjoe_overflow_brackets,
          grunt_temple_overflow_bloody_war, uniq_crazy_yiuf_cottage
D:4:      layout_basic
D:5:      layout_gridville, grunt_gozag_statues, minmay_temple_entry_trees
D:6:      layout_loops_ring, mainiacjoe_overflow_alcove_1, serial_shops,
          nicolae_shop_statue_plus, uniq_pikel
D:7:      layout_cave_pools, nicolae_qazlal_general_emergency, uniq_joseph

Skill      XL: |  1  2  3  4  5  6  7  8 |
---------------+-------------------------+-----
Dodging        | 2 3 4 7 |  7.8
Short Blades   | 3 4 6 |  6.3
Fighting       | 3 4 5 |  5.7
Stealth        | 5 6 7 |  7.3
Invocations    | 2 3 |  3.3
Throwing       | |  2.0

Action                   |  1- 3 |  4- 6 |  7- 9 || total
-------------------------+-------+-------+-------++-------
Melee: Dagger            |   122 |   132 |   186 ||   440
       Punch             |     1 |       |     4 ||     5
Invok: Heroism           |       |       |     1 ||     1
  Use: Scroll            |     1 |     7 |     8 ||    16
       Potion            |       |       |     3 ||     3
 Stab: Sleeping          |    10 |    15 |     5 ||    30
Armor: Robe              |    25 |    13 |    35 ||    73
Dodge: Dodged            |    77 |    60 |   164 ||   301

Table legend: (Time is in decaauts)
 A = Elapsed time spent in this place.
 B = Non-inter-level travel time spent in this place.
 C = Inter-level travel time spent in this place.
 D = Time resting spent in this place.
 E = Time spent auto-exploring this place.
 F = Levels seen in this place.
 G = Mean time per level.
                   A        B        C        D        E       F      G
               +--------+--------+--------+--------+--------+-----+--------+
         Total |   5769 |   5354 |    415 |    516 |   3938 |   7 |  824.1 |
       Dungeon |   5769 |   5354 |    415 |    516 |   3938 |   7 |  824.1 |
               +--------+--------+--------+--------+--------+-----+--------+

Top non-repeatable levels by time:
     D:6: 1392 daAuts
     D:2: 1231 daAuts
     D:5: 937 daAuts
     D:4: 853 daAuts
     D:1: 714 daAuts
     D:3: 576 daAuts
     D:7: 63 daAuts
